PAA
RICHLAND RAILS @ LANNISTER UNITED LIONHEARTS
07/28/2029
 
TOP OF THE 1ST
Richland Rails batting - Pitching for Lannister United Lionhearts : LHP Fernando Elías
Pitching: LHP Fernando Elías
Batting: RHB Christian Gentry 0-0: Reached on error, E3 (Groundball, 34S)
Batting: LHB Orlando Casillas 0-0: Called Strike
0-1: Ball
Wild Pitch!
Christian Gentry to second
1-1: Foul Ball, location: 2F
1-2: Ball
2-2: Reached on error, E6 (Popup, 6MS)
Christian Gentry to third
Batting: RHB Alexandre Keeping 0-0: Ball
1-0: Foul Ball, location: 2F
1-1: Ground out 5-3 (Groundball, 2L)
Christian Gentry scores
Orlando Casillas to second
Batting: RHB Scott Ramsey 0-0: Called Strike
Orlando Casillas steals 3rd base
0-1: Called Strike
0-2: Foul Ball, location: 2F
0-2: Fly out, F8 (Flyball, 8RM)
Runner from 3rd tags up, SCORES, no throw
Batting: SHB Jorge Colón 0-0: Called Strike
0-1: SINGLE (Groundball, 6D)
Batting: RHB Tan Bal 0-0: Ball
1-0: Swinging Strike
1-1: DOUBLE (Line Drive, 78D)
Jorge Colón to third
Batting: RHB Leon Carlisle 0-0: Ball
1-0: Ball
2-0: Ball
3-0: Swinging Strike
3-1: Base on Balls
Batting: LHB Alistair Mix 0-0: Ball
1-0: Called Strike
1-1: Ball
2-1: Swinging Strike
2-2: Strikes out swinging
Top of the 1st over - 2 runs, 2 hits, 2 errors, 3 left on base; Richland 2 - Lannister United 0
BOTTOM OF THE 1ST
Lannister United Lionhearts batting - Pitching for Richland Rails : RHP Shotaro Sugahara
Pitching: RHP Shotaro Sugahara
Batting: LHB Ashley Thachi 0-0: Called Strike
0-1: Foul Ball, location: 2F
0-2: Ball
1-2: SINGLE (Line Drive, 89S)
Batting: LHB Ramón García 0-0: Ball
1-0: Ball
2-0: Called Strike
2-1: Foul Ball, location: 2F
2-2: Ball
3-2: Grounds into double play, 6-4-3 (Groundball, 6)
Batting: RHB Chong-yee Au-Yong 0-0: Called Strike
0-1: Ball
1-1: Ball
2-1: Foul Ball, location: 2F
2-2: Ball
3-2: Fly out, F9 (Flyball, 89M)
Bottom of the 1st over - 0 runs, 1 hit, 0 errors, 0 left on base; Richland 2 - Lannister United 0
TOP OF THE 2ND
Richland Rails batting - Pitching for Lannister United Lionhearts : LHP Fernando Elías
Batting: RHB Fernando Granados 0-0: Ball
1-0: SINGLE (Line Drive, 56D)
Batting: RHB Christian Gentry 0-0: Ball
1-0: DOUBLE (Line Drive, 3D)
Fernando Granados to third
Runner from 3rd tries for Home, SAFE, no throw
Batting: LHB Orlando Casillas 0-0: Called Strike
0-1: Ball
1-1: Ball
2-1: Ground out 5-3 (Groundball, 5)
Batting: RHB Alexandre Keeping 0-0: Called Strike
0-1: Called Strike
0-2: Ball
1-2: Ball
2-2: DOUBLE (Line Drive, 78D)
Christian Gentry scores
Batting: RHB Scott Ramsey 0-0: Called Strike
0-1: Ball
Wild Pitch!
Alexandre Keeping to third
1-1: Ball
2-1: Called Strike
2-2: Hit by Pitch
Batting: SHB Jorge Colón 0-0: Ball
1-0: SINGLE (Groundball, 34D)
Alexandre Keeping scores
Scott Ramsey to second
Runner from 2nd tries for 3rd, SAFE, no throw
Batting: RHB Tan Bal 0-0: Ball
1-0: Ball
2-0: Called Strike
2-1: Ball
3-1: Base on Balls
Jorge Colón to second
Batting: RHB Leon Carlisle 0-0: Swinging Strike
0-1: Foul Ball, location: 2F
0-2: SINGLE (Flyball, 7S)
Scott Ramsey scores
Jorge Colón to third
Tan Bal to second
Runner from 3rd tries for Home, SAFE, no throw
Batting: LHB Alistair Mix 0-0: Called Strike
0-1: Fly out, F6 (Popup, 6)
Batting: RHB Fernando Granados 0-0: Foul Ball, location: 2F
0-1: Swinging Strike
0-2: Strikes out swinging
Top of the 2nd over - 5 runs, 5 hits, 0 errors, 2 left on base; Richland 7 - Lannister United 0
BOTTOM OF THE 2ND
Lannister United Lionhearts batting - Pitching for Richland Rails : RHP Shotaro Sugahara
Batting: LHB Juan Macíel 0-0: Ball
1-0: Foul Ball, location: 2F
1-1: Swinging Strike
1-2: Ball
2-2: Strikes out swinging
Batting: LHB Sting Ray Robb 0-0: Foul Ball, location: 2F
0-1: Swinging Strike
0-2: Ball
1-2: Foul Ball, location: 2F
1-2: Foul Ball, location: 2F
1-2: Fly out, F7 (Flyball, 7LM)
Batting: RHB Carlos Pacheco 0-0: Ball
1-0: Foul Ball, location: 2F
1-1: Ball
2-1: Fly out, F4 (Popup, 23)
Bottom of the 2nd over - 0 runs, 0 hits, 0 errors, 0 left on base; Richland 7 - Lannister United 0
TOP OF THE 3RD
Richland Rails batting - Pitching for Lannister United Lionhearts : LHP Fernando Elías
Batting: RHB Christian Gentry 0-0: Ball
1-0: Called Strike
1-1: Ball
2-1: Foul Ball, location: 2F
2-2: Ball
3-2: Base on Balls
Batting: LHB Orlando Casillas 0-0: Called Strike
0-1: SINGLE (Groundball, 56D)
Christian Gentry to second
Batting: RHB Alexandre Keeping 0-0: Called Strike
0-1: Ball
1-1: Swinging Strike
1-2: Strikes out looking
Batting: RHB Scott Ramsey 0-0: Called Strike
0-1: Foul Ball, location: 2F
0-2: Foul Ball, location: 2F
0-2: SINGLE (Flyball, 9LS)
Christian Gentry to third
Orlando Casillas to second
Runner from 3rd tries for Home, SAFE, no throw
Batting: SHB Jorge Colón 0-0: Foul Ball, location: 2F
0-1: Ball
1-1: Ball
2-1: Called Strike
2-2: Strikes out looking
Batting: RHB Tan Bal 0-0: Ball
1-0: Foul Ball, location: 2F
1-1: Called Strike
1-2: Strikes out swinging
Top of the 3rd over - 1 run, 2 hits, 0 errors, 2 left on base; Richland 8 - Lannister United 0
BOTTOM OF THE 3RD
Lannister United Lionhearts batting - Pitching for Richland Rails : RHP Shotaro Sugahara
Batting: RHB Breanainn Swartwood 0-0: Reached on error, E6 (Groundball, 6)
Batting: RHB José García 0-0: Ball
1-0: Swinging Strike
1-1: Ball
2-1: Ball
3-1: Fly out, F9 (Flyball, 9D)
Runner from 2nd tags up, SAFE at 3rd, no throw
Batting: RHB Howard Barton 0-0: Fly out, F9 (Flyball, 9LM)
Runner from 3rd tags up, SCORES, throw made
Batting: LHB Ashley Thachi 0-0: Ball
1-0: Ground out 6-3 (Groundball, 6)
Bottom of the 3rd over - 1 run, 0 hits, 1 error, 0 left on base; Richland 8 - Lannister United 1
TOP OF THE 4TH
Richland Rails batting - Pitching for Lannister United Lionhearts : LHP Fernando Elías
Batting: RHB Leon Carlisle 0-0: SINGLE (Line Drive, 6MD)
Batting: LHB Alistair Mix 0-0: Ball
1-0: SINGLE (Groundball, 3S) (infield hit)
Leon Carlisle to second
Batting: RHB Fernando Granados 0-0: Ball
1-0: Ball
2-0: Fielders Choice at 2nd, 1-6 (Groundball, P)
Leon Carlisle to third
Now at SS: Jason Compton
Batting: RHB Christian Gentry 0-0: Grounds into double play, 6-4-3 (Groundball, 6)
Top of the 4th over - 0 runs, 2 hits, 0 errors, 1 left on base; Richland 8 - Lannister United 1
BOTTOM OF THE 4TH
Lannister United Lionhearts batting - Pitching for Richland Rails : RHP Shotaro Sugahara
Batting: LHB Ramón García 0-0: Fly out, F8 (Flyball, 8RM)
Batting: RHB Chong-yee Au-Yong 0-0: Ball
1-0: Swinging Strike
1-1: Ball
2-1: Foul Ball, location: 2F
2-2: Strikes out swinging
Batting: LHB Juan Macíel 0-0: Ball
1-0: Called Strike
1-1: Fly out, F4 (Line Drive, 4)
Bottom of the 4th over - 0 runs, 0 hits, 0 errors, 0 left on base; Richland 8 - Lannister United 1
TOP OF THE 5TH
Richland Rails batting - Pitching for Lannister United Lionhearts : LHP Fernando Elías
Batting: LHB Orlando Casillas 0-0: Called Strike
0-1: Ball
1-1: Fly out, F8 (Flyball, 8LM)
Batting: RHB Alexandre Keeping 0-0: Called Strike
0-1: Ball
1-1: Ball
2-1: Swinging Strike
2-2: Ground out 5-3 (Groundball, 5L)
Batting: RHB Scott Ramsey 0-0: Ball
1-0: Foul Ball, location: 2F
1-1: Ball
2-1: Foul Ball, location: 2F
2-2: SINGLE (Line Drive, 78M)
Pitching: RHP Manuel Torres
Batting: SHB Jorge Colón 0-0: Ball
1-0: Foul Ball, location: 2F
1-1: Called Strike
1-2: Strikes out swinging
Top of the 5th over - 0 runs, 1 hit, 0 errors, 1 left on base; Richland 8 - Lannister United 1
BOTTOM OF THE 5TH
Lannister United Lionhearts batting - Pitching for Richland Rails : RHP Shotaro Sugahara
Batting: LHB Sting Ray Robb 0-0: Called Strike
0-1: TRIPLE (Groundball, 3L)
Batting: RHB Carlos Pacheco 0-0: Ground out 6-3 (Groundball, 56)
Sting Ray Robb scores
Batting: RHB Breanainn Swartwood 0-0: Ball
1-0: Ball
2-0: SINGLE (Groundball, 25) (infield hit)
Batting: RHB José García 0-0: Foul Ball, location: 2F
0-1: Ball
1-1: Ball
Wild Pitch!
Breanainn Swartwood to second
2-1: Foul Ball, location: 2F
2-2: Foul Ball, location: 2F
2-2: Ball
3-2: SINGLE (Flyball, 78S)
Breanainn Swartwood to third
Runner from 3rd tries for Home, SAFE, no throw
Batting: RHB Howard Barton 0-0: Called Strike
0-1: Ball
1-1: Foul Ball, location: 2F
1-2: Grounds into double play, 1-6-3 (Groundball, 13)
Bottom of the 5th over - 2 runs, 3 hits, 0 errors, 0 left on base; Richland 8 - Lannister United 3
TOP OF THE 6TH
Richland Rails batting - Pitching for Lannister United Lionhearts : RHP Manuel Torres
Batting: RHB Tan Bal 0-0: Ground out 4-3 (Groundball, 4)
Batting: RHB Leon Carlisle 0-0: Called Strike
0-1: Called Strike
0-2: Strikes out swinging
Batting: LHB Alistair Mix 0-0: Fly out, F9 (Flyball, 89D)
Top of the 6th over - 0 runs, 0 hits, 0 errors, 0 left on base; Richland 8 - Lannister United 3
BOTTOM OF THE 6TH
Lannister United Lionhearts batting - Pitching for Richland Rails : RHP Shotaro Sugahara
Batting: RHB Jason Compton 0-0: Called Strike
0-1: Ball
1-1: Called Strike
1-2: Fly out, F8 (Flyball, 8RM)
Batting: LHB Ramón García 0-0: Ball
1-0: Ball
2-0: Called Strike
2-1: Foul Ball, location: 2F
2-2: Foul Ball, location: 2F
2-2: Ball
3-2: Strikes out swinging
Batting: RHB Chong-yee Au-Yong 0-0: Foul Ball, location: 2F
0-1: Ball
1-1: Foul Ball, location: 2F
1-2: Foul Ball, location: 2F
1-2: Ball
2-2: SINGLE (Flyball, 78M) - OUT at second base trying to stretch hit.
Bottom of the 6th over - 0 runs, 1 hit, 0 errors, 0 left on base; Richland 8 - Lannister United 3
TOP OF THE 7TH
Richland Rails batting - Pitching for Lannister United Lionhearts : RHP Manuel Torres
Batting: RHB Fernando Granados 0-0: Called Strike
0-1: Ball
1-1: Ball
2-1: Ground out U3 (Groundball, 3S)
Batting: RHB Christian Gentry 0-0: Ball
1-0: SINGLE (Groundball, 6MD)
Batting: LHB Orlando Casillas 0-0: Ball
1-0: Called Strike
1-1: Ball
2-1: Ball
3-1: Foul Ball, location: 2F
3-2: Fielders Choice at 2nd, 4-6 (Groundball, 4D)
Batting: RHB Alexandre Keeping 0-0: Called Strike
0-1: Ball
1-1: Ball
2-1: SINGLE (Groundball, 5S) (infield hit)
Orlando Casillas to second
Batting: RHB Scott Ramsey 0-0: Ball
1-0: Ball
2-0: Called Strike
2-1: Foul Ball, location: 2F
2-2: DOUBLE (Flyball, 89XD)
Orlando Casillas scores
Alexandre Keeping to third
Runner from 3rd tries for Home, SAFE, no throw
Batting: SHB Jorge Colón 0-0: Swinging Strike
0-1: Swinging Strike
0-2: Strikes out swinging
Top of the 7th over - 2 runs, 3 hits, 0 errors, 1 left on base; Richland 10 - Lannister United 3
BOTTOM OF THE 7TH
Lannister United Lionhearts batting - Pitching for Richland Rails : RHP Shotaro Sugahara
Batting: LHB Juan Macíel 0-0: Foul Ball, location: 2F
0-1: Ball
1-1: Ball
2-1: Called Strike
2-2: Foul Ball, location: 2F
2-2: Ball
3-2: Base on Balls
Pitching: RHP Miguel Hernández
Batting: LHB Sting Ray Robb 0-0: Ball
1-0: Ball
Juan Macíel steals 2nd base
2-0: Ball
3-0: Called Strike
3-1: Foul Ball, location: 2F
3-2: Strikes out looking
Batting: RHB Carlos Pacheco 0-0: Called Strike
0-1: Called Strike
0-2: SINGLE (Flyball, 9S)
Juan Macíel to third
Runner from 3rd tries for Home, SAFE, no throw
Batting: RHB Breanainn Swartwood 0-0: Ball
1-0: Foul Ball, location: 2F
1-1: Ball
2-1: Ball
3-1: Foul Ball, location: 2F
3-2: Base on Balls
Carlos Pacheco to second
Batting: RHB José García 0-0: Called Strike
0-1: Ball
1-1: Foul Ball, location: 2F
1-2: Ball
2-2: SINGLE (Groundball, 3D)
Carlos Pacheco to third
Breanainn Swartwood to second
Runner from 3rd tries for Home, SAFE, no throw
Batting: RHB Howard Barton 0-0: Ball
1-0: Ball
2-0: Ball
3-0: Called Strike
3-1: Foul Ball, location: 2F
3-2: Strikes out looking
Batting: RHB Jason Compton 0-0: Ball
1-0: Ball
2-0: Foul Ball, location: 2F
2-1: Called Strike
2-2: Fielders Choice at 2nd, 5-4 (Groundball, 56)
Bottom of the 7th over - 2 runs, 2 hits, 0 errors, 2 left on base; Richland 10 - Lannister United 5
TOP OF THE 8TH
Richland Rails batting - Pitching for Lannister United Lionhearts : RHP Manuel Torres
Batting: RHB Tan Bal 0-0: Ball
1-0: Ball
2-0: Ball
3-0: Base on Balls
Batting: RHB Leon Carlisle 0-0: Ball
1-0: Called Strike
1-1: Ball
2-1: Fly out, F8 (Flyball, 8LM)
Batting: LHB Alistair Mix 0-0: Foul Ball, location: 2F
0-1: Foul Ball, location: 2F
0-2: SINGLE (Groundball, 56D)
Tan Bal to second
Batting: RHB Fernando Granados 0-0: Called Strike
0-1: Swinging Strike
0-2: Ball
1-2: Foul Ball, location: 2F
1-2: Ball
2-2: Ground out 3-1 (Groundball, 34S)
Tan Bal to third
Alistair Mix to second
Batting: RHB Christian Gentry 0-0: Ball
1-0: SINGLE (Line Drive, 6D)
Tan Bal scores
Alistair Mix to third
Runner from 3rd tries for Home, SAFE, no throw
Batting: LHB Orlando Casillas 0-0: Ball
1-0: Called Strike
1-1: Ball
2-1: Swinging Strike
2-2: SINGLE (Groundball, 4MD)
Christian Gentry to second
Runner from 2nd tries for 3rd, SAFE, throw made to third
Batting: RHB Alexandre Keeping 0-0: Foul Ball, location: 2F
0-1: SINGLE (Line Drive, 6)
Christian Gentry scores
Orlando Casillas to second
Batting: RHB Scott Ramsey 0-0: Ground out 4-3 (Groundball, 4)
Top of the 8th over - 3 runs, 4 hits, 0 errors, 2 left on base; Richland 13 - Lannister United 5
BOTTOM OF THE 8TH
Lannister United Lionhearts batting - Pitching for Richland Rails : RHP Miguel Hernández
Now at 2B: Armando Peña
Now in RF: Miguel Luna
Batting: LHB Ramón García 0-0: Ball
1-0: Ball
2-0: Ball
3-0: Base on Balls
Batting: RHB Chong-yee Au-Yong 0-0: Called Strike
0-1: Foul Ball, location: 2F
0-2: Foul Ball, location: 2F
0-2: Strikes out swinging
Batting: LHB Juan Macíel 0-0: Ball
1-0: Ball
2-0: Called Strike
2-1: Fly out, F9 (Flyball, 89S)
Batting: LHB Sting Ray Robb 0-0: Swinging Strike
0-1: Foul Ball, location: 2F
0-2: Ball
Wild Pitch!
Ramón García to second
1-2: Ball
2-2: Strikes out looking
Bottom of the 8th over - 0 runs, 0 hits, 0 errors, 1 left on base; Richland 13 - Lannister United 5
TOP OF THE 9TH
Richland Rails batting - Pitching for Lannister United Lionhearts : RHP Manuel Torres
Batting: SHB Jorge Colón 0-0: Ball
1-0: Ball
2-0: Ball
3-0: Base on Balls
Pitching: RHP Hideaki Hayagawa
Batting: RHB Tan Bal 0-0: Fly out, F8 (Line Drive, 8LM)
Batting: RHB Leon Carlisle 0-0: Grounds into double play, 4-6-3 (Groundball, 34D)
Top of the 9th over - 0 runs, 0 hits, 0 errors, 0 left on base; Richland 13 - Lannister United 5
BOTTOM OF THE 9TH
Lannister United Lionhearts batting - Pitching for Richland Rails : RHP Miguel Hernández
Now at C: Jonah Cooney
Now in CF: Wilford Funkhouser
Batting: RHB Carlos Pacheco 0-0: Called Strike
0-1: Swinging Strike
0-2: Ball
1-2: Strikes out swinging
Batting: RHB Breanainn Swartwood 0-0: Foul Ball, location: 2F
0-1: Foul Ball, location: 2F
0-2: Ball
1-2: Foul Ball, location: 2F
1-2: Strikes out swinging
Batting: RHB José García 0-0: Ball
1-0: SINGLE (Groundball, 56S) (infield hit)
Batting: RHB Howard Barton 0-0: Called Strike
0-1: Ball
1-1: Ball
2-1: Hit by Pitch
José García to second
Batting: RHB Jason Compton 0-0: Foul Ball, location: 2F
0-1: Called Strike
0-2: Foul Ball, location: 2F
0-2: Ball
1-2: Foul Ball, location: 2F
1-2: Ground out U3 (Groundball, 34)
Bottom of the 9th over - 0 runs, 1 hit, 0 errors, 2 left on base; Richland 13 - Lannister United 5
Tuesday, December 19th, 2017 - OOTP Baseball 18.8 Build 76